 Dungeon Crawl Stone Soup version 0.27.1 (webtiles) character file.

Game seed: 14071221699251670938

4 r3algoood the Magician (level 1, 0/11 HPs)
             Began as an Octopode Hedge Wizard on Sept 2, 2021.
             Slain by a rat (2 damage)
             ... on level 1 of the Dungeon on Sept 3, 2021.
             The game lasted 00:00:25 (88 turns).

r3algoood the Magician (Octopode Hedge Wizard)        Turns: 88, Time: 00:00:25

Health: 0/11       AC:  1    Str:  9    XL:     1   Next: 60%
Magic:  4/4        EV: 13    Int: 16    God:
Gold:   0          SH:  0    Dex: 11    Spells: 5/6 levels left

rFire    . . .     SeeInvis .   a - +0 dagger
rCold    . . .     Faith    .   (no shield)
rNeg     . . .     Spirit   .   b - +0 hat
rPois    .         Reflect  .   (no amulet)
rElec    .         Harm     .   (no ring)
rCorr    .         Rampage  .   (no ring)
Will     .....                  (no ring)
Stlth    +++.......             (no ring)
HPRegen  0.03/turn              (no ring)
MPRegen  0.09/turn              (no ring)
                                (no ring)
                                (no ring)

@: no status effects
A: almost no armour, amphibious, 8 rings, camouflage 1, gelatinous body 1,
(nimble swimmer 1), tentacles
a: no special abilities


You were on level 1 of the Dungeon.
You visited 1 branch of the dungeon, and saw 1 of its levels.

Inventory:

Hand Weapons
 a - a +0 dagger (weapon)
Armour
 b - a +0 hat (worn)
Scrolls
 c - a scroll of identify {unknown}


   Skills:
 + Level 2.0 Dodging
 + Level 2.9 Stealth
 + Level 3.1 Spellcasting
 + Level 1.0 Conjurations
 + Level 1.0 Summonings
 + Level 1.0 Translocations


You had 5 spell levels left.
You knew the following spells:

 Your Spells              Type           Power      Damage    Failure   Level
a - Magic Dart            Conj           20%        1d4       12%         1

Your spell library contained the following spells:

 Spells                   Type           Power      Damage    Failure   Level
 Blink                    Tloc           N/A        N/A       19%         2
 Call Imp                 Summ           5%         N/A       19%         2
 Slow                     Hex            2%         N/A       28%         2
 Conjure Flame            Conj/Fire      4%         6-21      41%         3
 Mephitic Cloud           Conj/Pois/Air  3%         N/A       43%         3


Dungeon Overview and Level Annotations

Branches:
Dungeon (1/15)

Altars:


Innate Abilities, Weirdness & Mutations

You cannot wear most types of armour.
You are amphibious.
You can wear up to eight rings at the same time.
Your skin changes colour to match your surroundings (Stealth+).
Your rubbery body absorbs attacks. (AC +1, EV +1)
((You are camouflaged near water. (Stealth+)))
You have tentacles for arms and can constrict up to eight enemies at once.


Message History

Confirm with . or Enter, or press ? or * to list all spells.
You don't have enough magic to cast this spell.
Unknown command.
Casting: Magic Dart (safe; 12% risk of failure)
Confirm with . or Enter, or press ? or * to list all spells.
You don't have enough magic to cast this spell.
Casting: Magic Dart (safe; 12% risk of failure)
Confirm with . or Enter, or press ? or * to list all spells.
You don't have enough magic to cast this spell.
Casting: Magic Dart (safe; 12% risk of failure)
Confirm with . or Enter, or press ? or * to list all spells.
Okay, then.
Welcome back, r3algoood the Octopode Hedge Wizard.
Press ? for a list of commands and other information.
You hit the dart slug. You grab the dart slug.
The dart slug is moderately wounded.
You constrict the dart slug. The dart slug launches a dart at you.
The slug dart hits you.
You hit the dart slug but do no damage.
The dart slug is moderately wounded.
You constrict the dart slug. You hit the dart slug but do no damage.
You squeeze the dart slug.
You kill the dart slug!
The rat closely misses you. The rat bites you.
You see here a dart slug corpse.
The rat misses you. The rat closely misses you.
A goblin comes into view. It is wielding a +0 club.
The rat bites you. The rat barely misses you. The rat bites you.
* * * LOW HITPOINT WARNING * * *
An endoplasm comes into view.
The rat misses you. The rat bites you.
* * * LOW HITPOINT WARNING * * *
The rat bites you.
You die...

#### ..# #.#
#.## #@.#
#######r#######+
.........J......
#######..######.
#.......#
#.......#
#.......##
#######..# ##.#


You could see an endoplasm (asleep) and a rat.

Vanquished Creatures
  A dart slug (D:1)
  A kobold (D:1)
2 creatures vanquished.

Notes
Turn   | Place    | Note
-------+----------+-------------------------------------------
     0 | D:1      | r3algoood the Octopode Hedge Wizard began the quest for the
                  | Orb.
     0 | D:1      | Reached XP level 1. HP: 11/11 MP: 4/4
    88 | D:1      | Slain by a rat

Illustrated notes

Levels and vault maps discovered:
D:1:      nicolae_arrival_memento_mori, layout_basic, minmay_surrounded

Action                   || total
-------------------------++-------
Melee: Dagger            ||     3
       Constrict         ||     1
       Tentacles         ||     1
 Cast: Magic Dart        ||     4
Dodge: Dodged            ||     7
